 Dungeon Crawl Stone Soup version 0.22.0-16-gc6d26f69f9 (webtiles) character file.

14444 Gorg the Warrior (level 12, -8/122 HPs)
             Began as a Hill Orc Fighter on Aug 18, 2018.
             Was an Elder of Beogh.
             Engulfed by a cloud of freezing vapour (24 damage)
             ... in an ice cave.
             The game lasted 00:45:01 (15981 turns).

Gorg the Warrior (Hill Orc Fighter)                Turns: 15981, Time: 00:45:01

Health: -8/122     AC: 17    Str: 32    XL:     12   Next: 16%
Magic:  14/17      EV:  9    Int: 12    God:    Beogh [****..]
Gold:   720        SH: 16    Dex: 10    Spells: 11/11 levels left

rFire    . . .     SeeInvis .   K - +8 demon blade "Bloodbane" {slice, *Rage +Rage Stlth-}
rCold    . . .     Gourm    .   c - +0 shield
rNeg     . . .     Faith    .   L - +2 scale mail "Teggi" {*Drain +Inv Str+6 Stlth+}
rPois    +         Spirit   .   M - +1 helmet
rElec    .         Reflect  +   h - +2 cloak {MR+}
rCorr    .         Harm     .   (no gloves)
MR       +....     Rnd*Rage +   Q - +0 pair of boots {Stlth+}
Stlth    +.........             x - +4 amulet of reflection
HPRegen  0.30/turn              G - ring of poison resistance
MPRegen  0.15/turn              n - +6 ring of strength

@: no status effects
A: no striking features
a: Smiting, Recall Orcish Followers, Renounce Religion, Evoke Berserk Rage,
Evoke Invisibility


You were in an ice cave.
You worshipped Beogh.
Beogh was greatly pleased with you.
You were not hungry.

You visited 1 branch of the dungeon, and saw 12 of its levels.
You visited the Abyss 1 time.
You also visited: Sewer, Ossuary and Ice Cave.

You collected 753 gold pieces.
You spent 33 gold pieces at shops.

Inventory:

Hand Weapons
 J - a +4 war axe
 K - the +8 demon blade "Bloodbane" (weapon) {slice, *Rage +Rage Stlth-}
   (You found it on level 11 of the Dungeon)

   It inflicts extra damage upon your enemies.
   It lets you go berserk.
   It may make you go berserk in combat.
   It makes you less stealthy.
 N - a +0 glaive
Armour
 c - a +0 shield (worn)
 h - a +2 cloak of magic resistance (worn)
 I - a cursed +0 plate armour
 L - the +2 scale mail "Teggi" (worn) {*Drain +Inv Str+6 Stlth+}
   (You found it on level 5 of the Dungeon)

   It affects your strength (+6).
   It lets you turn invisible.
   It causes draining when unequipped.
   It makes you more stealthy.
 M - a +1 helmet (worn)
 Q - a +0 pair of boots of stealth (worn)
Jewellery
 a - an uncursed ring of protection from magic
 k - an uncursed ring of fire
 n - a +6 ring of strength (right hand)
 q - an uncursed amulet of the acrobat
 x - a +4 amulet of reflection (around neck)
 G - a ring of poison resistance (left hand)
 P - an uncursed ring of protection from magic
Wands
 b - a wand of scattershot (4)
 p - a wand of digging (28)
 r - a wand of disintegration (18)
 t - a wand of random effects (28)
 E - a wand of flame (54)
 H - a wand of iceblast (17)
 R - a wand of polymorph (14)
Scrolls
 i - 4 scrolls of remove curse
 s - 10 scrolls of teleportation
 u - 4 scrolls of identify
 v - 3 scrolls of blinking
 y - 4 scrolls of amnesia
 A - 2 scrolls of enchant armour
 C - 4 scrolls of magic mapping
 O - 4 scrolls of fear
Potions
 d - 4 potions of might
 e - 2 potions of degeneration
 g - 5 potions of flight
 j - 4 potions of agility
 m - a potion of heal wounds
 o - 2 potions of resistance
 w - 7 potions of curing
 z - a potion of ambrosia
 B - 5 potions of haste
 D - a potion of mutation {unknown}
 F - 3 potions of lignification
Comestibles
 f - 15 rations
 l - 10 chunks of flesh


   Skills:
 + Level 16.1 Fighting
 * Level 12.4 Axes
 + Level 8.3 Armour
 + Level 8.2 Shields
 + Level 6.8 Invocations


You had 11 spell levels left.
You didn't know any spells.
Your spell library contained the following spells:

 Spells                   Type           Power        Failure   Level  Hunger
 Magic Dart               Conj           #...         82%         1    ##.....
 Apportation              Tloc           #.....       82%         1    ##.....
 Conjure Flame            Conj/Fire      #.......     99%         3    ####...
 Bolt of Magma            Conj/Fire/Erth #.........   100%        5    ######.
 Slow                     Hex            #.......     91%         2    ###....
 Confuse                  Hex            #.......     99%         3    ####...
 Mephitic Cloud           Conj/Pois/Air  #.......     99%         3    ####...
 Venom Bolt               Conj/Pois      #.........   100%        5    ######.
 Summon Small Mammal      Summ           #...         82%         1    ##.....
 Blink                    Tloc           N/A          91%         2    ###....
 Animate Skeleton         Necr           N/A          82%         1    ##.....
 Call Imp                 Summ           #.......     91%         2    ###....
 Tukima's Dance           Hex            #.......     99%         3    ####...
 Iron Shot                Conj/Erth      #.........   100%        6    #######
 Confusing Touch          Hex            #.....       82%         1    ##.....
 Ensorcelled Hibernation  Hex/Ice        #.....       91%         2    ###....
 Corona                   Hex            #......      82%         1    ##.....
 Orb of Destruction       Conj           #.........   100%        7    #######
 Iskenderun's Battlesphe  Conj/Chrm      #.......     100%        5    ######.
 Dazzling Spray           Conj/Hex       #.....       99%         3    ####...
 Spellforged Servitor     Conj/Summ      #.........   100%        7    #######


Dungeon Overview and Level Annotations

Branches:
Dungeon (12/15)            Temple (0/1) D:4            Lair (0/6) D:8
    Orc (0/2) D:11

Altars:
Dithmenos
Gozag
Hepliaklqana
Makhleb
Nemelex Xobeh
Okawaru
Qazlal
Ru
Sif Muna
Uskayaw
Vehumet
Xom
Yredelemnul

Shops:
D:5 ?

Annotations:
D:4 exclusion: door
D:9 exclusion: downstairs


Message History

The shard of ice reflects off an invisible shield around you!
The shard of ice hits the ice statue.
The ice beast hits you. The ice beast freezes you!
The ice statue gestures at you. The freezing blast engulfs you!
* * * LOW HITPOINT WARNING * * *
You hit the ice statue but do no damage.
The ice statue is almost destroyed.
You are engulfed in freezing vapours.
* * * LOW HITPOINT WARNING * * *
You block the ice beast's attack.
Aiming: Smiting
Press: ? - help, Dir - move target cursor, f - ice statue Smite: an ice statue (freezing vapour, almost destroyed)
You smite the ice statue!
You destroy the ice statue!
Beogh accepts your kill.
The ice beast disappears in a puff of smoke!
You are engulfed in freezing vapours.
You die...

####### ##.#...###
####.....#..##
##..∩##..####.§#
#∩..####..###§§#
#....# #..##.§@#
#...####...##§§§#
##..####...####§.§#
#...##...### #.###
#..##...## |#.
#......## # .
##...### # #####


There were no monsters in sight!

Vanquished Creatures
  2 hydras
  An unseen horror (D:11)
  An ugly thing (D:11)
  A centaur zombie (D:11)
  An ice statue (IceCv)
  Maurice (D:8)
  Psyche (D:8)
  2 rime drakes (D:12)
  3 trolls
  A polar bear (IceCv)
  A hippogriff (D:11)
  14 yaks
  Eustachio (D:5)
  A steam dragon (D:9)
  A hungry ghost (D:11)
  2 wargs (D:11)
  3 orc warriors
  A black bear (D:10)
  A small abomination (Abyss:1)
  3 sky beasts
  3 ice beasts
  5 ogres
  A crocodile (Sewer)
  4 centaurs
  7 wolves
  2 big kobolds
  5 bullfrogs
  4 scorpions
  7 killer bees
  7 wights (D:8)
  2 howler monkeys (D:8)
  2 electric eels
  3 crimson imps
  A quasit (D:10)
  A bullfrog zombie (D:10)
  6 hounds
  2 jellies
  Crazy Yiuf (D:5)
  3 orc priests
  A centaur skeleton (D:8)
  10 orc wizards
  3 bullfrog skeletons
  Jessica (D:3)
  3 iguanas
  7 worker ants
  2 big kobold zombies (Ossuary)
  A hound zombie (Ossuary)
  4 mummies (Ossuary)
  14 adders
  4 shadow imps
  An ooze (D:5)
  2 adder zombies
  4 worms
  2 dart slugs (D:1)
  8 leopard geckos
  17 orcs
  8 giant cockroaches
  3 gnoll zombies (Ossuary)
  12 goblins
  3 hobgoblins
  6 jackals (D:2)
  16 kobolds
  4 quokkas
  5 ball pythons
  14 bats
  10 frilled lizards
  A giant cockroach zombie (D:5)
  2 hobgoblin zombies (Ossuary)
  A kobold zombie (Ossuary)
  A leopard gecko zombie (D:5)
  An orc zombie (Ossuary)
  2 quokka skeletons
  8 rats
  A rat zombie (Ossuary)
290 creatures vanquished.

Vanquished Creatures (collateral kills)
  A hippogriff (D:11)
  A vampire (D:11)
  2 yaks (D:11)
  An orc warrior (D:11)
  A bullfrog (D:11)
  2 killer bees (D:10)
  An orc wizard (D:10)
  A leopard gecko (D:10)
  An orc (D:9)
11 creatures vanquished.

Vanquished Creatures (others)
  2 orc priests
  A yak (IceCv)
  2 orc warriors
  An orc wizard (D:10)
  8 orcs
14 creatures vanquished.

Grand Total: 315 creatures vanquished

Notes
Turn   | Place    | Note
-------+----------+-------------------------------------------
     0 | D:1      | Gorg the Hill Orc Fighter began the quest for the Orb.
     0 | D:1      | Reached XP level 1. HP: 19/19 MP: 1/1
   342 | D:1      | Reached XP level 2. HP: 26/27 MP: 2/2
   477 | D:1      | Reached XP level 3. HP: 33/33 MP: 3/3
   580 | D:1      | Reached skill level 4 in Fighting
  1383 | D:2      | Reached XP level 4. HP: 35/40 MP: 4/4
  2293 | D:3      | Found a shadowy altar of Dithmenos.
  2397 | D:3      | Found a sacrificial altar of Ru.
  2463 | D:3      | Found a deep blue altar of Sif Muna.
  2484 | D:3      | Found an opulent altar of Gozag.
  2588 | D:3      | Noticed Jessica
  2593 | D:3      | Killed Jessica
  2593 | D:3      | Reached XP level 5. HP: 47/47 MP: 5/5
  2993 | D:4      | Reached skill level 5 in Axes
  3226 | D:4      | Found a basalt altar of Yredelemnul.
  3310 | D:4      | Reached XP level 6. HP: 53/55 MP: 6/6
  3321 | D:4      | Found a staircase to the Ecumenical Temple.
  3336 | D:4      | Reached skill level 5 in Fighting
  3668 | D:4      | Found a shimmering altar of Xom.
  3918 | D:4      | Reached XP level 7. HP: 58/61 MP: 7/7
  3971 | D:4      | Found a deep blue altar of Sif Muna.
  4316 | D:5      | Entered Level 5 of the Dungeon
  4429 | D:5      | Got a faintly humming scale mail
  4487 | D:5      | Reached skill level 5 in Armour
  4554 | D:5      | Reached skill level 5 in Shields
  4694 | D:5      | Noticed Eustachio
  4727 | D:5      | Killed Eustachio
  4742 | D:5      | Became a worshipper of Beogh the Brigand
  4805 | D:5      | Found a runed door.
  4854 | D:5      | Found Fyfirutz's Magic Scroll Boutique.
  4862 | D:5      | Bought a scroll of teleportation for 33 gold pieces
  5066 | D:5      | Found a glowing drain.
  5070 | Sewer    | Entered a sewer
  5125 | Sewer    | Reached skill level 6 in Fighting
  5125 | Sewer    | Reached XP level 8. HP: 50/70 MP: 8/8
  5156 | Sewer    | Identified the +2 scale mail "Teggi" {*Drain +Inv Str+6 Stlth+} (You found it on level 5 of the Dungeon)
  5226 | D:5      | Noticed Crazy Yiuf
  5232 | D:5      | Cast into level 1 of the Abyss (Crazy Yiuf)
  5304 | Abyss:1  | Noticed a wretched star
  5524 | Abyss:1  | Reached skill level 15 in Fighting
  5524 | Abyss:1  | Reached XP level 9. HP: 77/77 MP: 9/9
  5549 | D:5      | Escaped the Abyss
  5559 | D:5      | Killed Crazy Yiuf
  6005 | D:6      | Found a sand-covered staircase.
  6014 | Ossuary  | Entered an ossuary
  6028 | Ossuary  | Reached * piety under Beogh
  7134 | D:7      | Reached skill level 1 in Invocations
  7544 | D:7      | Reached ** piety under Beogh
  7611 | D:7      | Found a burning altar of Makhleb.
  7808 | D:8      | Reached XP level 10. HP: 87/94 MP: 11/11
  8308 | D:8      | Found a staircase to the Lair.
  8411 | D:8      | Noticed Maurice
  8436 | D:8      | Killed Maurice
  8606 | D:8      | Noticed Psyche
  8620 | D:8      | Killed Psyche
  8620 | D:8      | Reached skill level 10 in Axes
  8663 | D:8      | Reached *** piety under Beogh
  8821 | D:8      | Found a stormy altar of Qazlal.
  9149 | D:9      | Found a radiant altar of Vehumet.
  9402 | D:9      | Found an iron altar of Okawaru.
  9405 | D:9      | Found a hazy altar of Hepliaklqana.
 10273 | D:9      | Found a hide-covered altar of Uskayaw.
 10460 | D:10     | Entered Level 10 of the Dungeon
 10887 | D:10     | Noticed a four-headed hydra
 11295 | D:10     | Found a sparkling altar of Nemelex Xobeh.
 11358 | D:10     | Reached XP level 11. HP: 102/113 MP: 14/14
 12086 | D:11     | Found a sacrificial altar of Ru.
 12175 | D:11     | Reached **** piety under Beogh
 12393 | D:11     | Reached skill level 5 in Invocations
 12463 | D:11     | Found a staircase to the Orcish Mines.
 13293 | D:11     | Found the +8 demon blade "Bloodbane" {slice, *Rage +Rage Stlth-}
 13801 | D:11     | Noticed a cyan ugly thing
 13804 | D:11     | Killed a cyan ugly thing
 14410 | D:11     | Killed an unseen horror
 14444 | D:11     | Noticed an eight-headed hydra
 15091 | D:10     | Killed an 11-headed hydra
 15091 | D:10     | Reached skill level 16 in Fighting
 15533 | D:11     | Killed a 12-headed hydra
 15533 | D:11     | Reached XP level 12. HP: 122/122 MP: 16/16
 15812 | D:12     | Found a frozen archway.
 15850 | IceCv    | Entered an ice cave
 15981 | IceCv    | Engulfed by a cloud of freezing vapour

Skill      XL: |  1  2  3  4  5  6  7  8  9 10 11 |
---------------+----------------------------------+-----
Axes           | 3 4 5 6 7 8 9 10 12 | 12.4
Fighting       | 4 5 6 15 16 | 16.1
Armour         | 4 5 6 8 |  8.3
Shields        | 4 5 6 8 |  8.2
Invocations    | 2 4 6 |  6.8

Action                   |  1- 3 |  4- 6 |  7- 9 | 10-12 || total
-------------------------+-------+-------+-------+-------++-------
Melee: War axe           |    19 |       |       |       ||    19
       Hand axe          |    96 |   151 |   319 |   567 ||  1133
       Demon blade       |       |       |       |    51 ||    51
Invok: Convert to Beogh  |       |       |     1 |       ||     1
       Smiting           |       |       |       |     5 ||     5
  Use: Scroll            |     1 |       |    10 |     8 ||    19
       Potion            |       |       |     5 |     1 ||     6
 Stab: Distracted        |       |       |       |     1 ||     1
  Eat: Chunk             |     2 |     7 |     4 |    13 ||    26
       Ration            |       |       |     3 |     4 ||     7
Armor: Scale mail        |    62 |    22 |    49 |   230 ||   363
       Chain mail        |       |    26 |    52 |       ||    78
Dodge: Dodged            |    27 |    57 |    72 |   132 ||   288
Block: Shield            |    58 |    43 |   228 |   428 ||   757
       Buckler           |       |    21 |       |       ||    21
       Reflection        |       |       |     2 |     4 ||     6
       Rpst.: Demon blade |       |       |       |     7 ||     7
